 Dungeon Crawl Stone Soup version 0.30.1-3-gfc49f6343a (webtiles) character file.

Game seed: 8894282340428810053

43 Bronimir the Trooper (level 3, -4/24 HPs)
             Began as a Gargoyle Monk on July 29, 2023.
             Killed by divine providence
             ... invoked by an orc priest
              (11 damage)
             ... on level 3 of the Dungeon.
             The game lasted 00:02:28 (1206 turns).

Bronimir the Trooper (Gargoyle Monk)                Turns: 1206, Time: 00:02:28

Health: -4/24      AC:  6    Str: 16    XL:     3   Next: 58%
Magic:  3/3        EV: 12    Int: 10    God:
Gold:   80         SH:  0    Dex: 12    Spells: 2/2 levels left

rFire   . . .        a - +0 hand axe
rCold   . . .        d - orb {light}
rNeg    + . .        g - +0 leather armour
rPois   ∞            (no helmet)
rElec   +            (no cloak)
rCorr   .            (no gloves)
SInv    .            (no boots)
Will    .....        (no amulet)
Stlth   +            (no ring)
HPRegen 0.24/turn    (no ring)
MPRegen 0.08/turn

%: no passive effects
@: glowing
A: sickness immunity, AC +3, negative energy resistance 1, electricity
resistance, torment resistance 1, petrification resistance
a: no special abilities


You were on level 3 of the Dungeon.
You visited 1 branch of the dungeon, and saw 3 of its levels.

You collected 80 gold pieces.

Inventory:

Hand Weapons
 a - a +0 hand axe (weapon)
 h - a +0 sling
 i - a +2 short sword of holy wrath
Armour
 b - a +0 robe
 d - an orb of light (worn)
 g - a +0 leather armour (worn)
Magical Staves
 j - a staff of poison
Scrolls
 e - 3 scrolls of identify
 f - a scroll of vulnerability
 k - 2 scrolls of amnesia {unknown}
 l - a scroll of enchant armour {unknown}
Potions
 c - 2 potions of ambrosia
 m - a potion of mutation {unknown}
 n - a potion of invisibility {unknown}


   Skills:
 + Level 3.7 Fighting
 * Level 3.4 Axes
 * Level 1.3 Armour
 + Level 2.5 Dodging


You had 2 spell levels left.
You didn't know any spells.
Your spell library contained the following spells:

 Spells                   Type           Power      Damage    Failure   Level
 Freeze                   Ice            0%         1d3       43%         1
 Kiss of Death            Conj/Necr      0%         2d5       43%         1
 Confusing Touch          Hex            0%         N/A       80%         3
 Frozen Ramparts          Ice            0%         1d1       80%         3
 Hailstorm                Conj/Ice       0%         3d3       80%         3
 Dispel Undead            Necr           0%         3d6       99%         4


Dungeon Overview and Level Annotations

Branches:
Dungeon (3/15)

Altars:
Ashenzari
Xom

Annotations:
D:3 3 runed translucent doors, cheesebisquit's ghost, amateur HOMo


Innate Abilities, Weirdness & Mutations

You are immune to sickness and miasma.
Your stone body is resilient. (AC +3)
You are immune to poison.
You resist negative energy. (rN+)
You are resistant to electric shocks. (rElec)
You are resistant to unholy torment.
You are immune to petrification.


Message History

You feel less confused.
An orc comes into view. It is wielding a +0 whip.
The orc priest enters a dispersal trap!
The orc blinks! x2; You blink.
The orc moves out of view.
You hit the orc priest.
The orc priest is heavily wounded.
The orc priest misses you.
You barely miss the orc priest.
The orc priest is heavily wounded.
The orc priest barely misses you.
You hit the orc priest but do no damage.
The orc priest is heavily wounded.
The orc priest hits you but does no damage.
The orc priest miscasts a cantrip.
You hit the orc priest.
The orc priest is heavily wounded.
The orc priest misses you.
You hit the orc priest but do no damage.
The orc priest is heavily wounded.
The orc priest hits you with a +1 flail of protection.
You hit the orc priest.
The orc priest is heavily wounded.
The orc priest barely misses you.
You hit the orc priest.
The orc priest is severely wounded.
You hit the orc priest.
The orc priest is severely wounded.
You hit the orc but do no damage.
The orc priest hits you with a +1 flail of protection.
The orc hits you with a +0 short sword.
You hit the orc priest but do no damage.
The orc priest is severely wounded.
You hit the orc but do no damage.
The orc priest miscasts a cantrip.
The orc hits you with a +0 short sword.
* * * LOW HITPOINT WARNING * * *
The orc closely misses you.
The orc priest calls down the wrath of Beogh upon you.
Beogh smites you!
You die...

##...+K###.|
#####....#KK..!#
..........##.♣P#
######..#..##### #
#....#.....# ..
#.........## ...
#.##......# .o..
####..#####..#####
..... #@o...#
##.....#
)....o####o##..#
#####.#
.....K†!.oK...## #.#
###§#.#.....### #..
.. ##....### ##.. ...
#.#....##########..#
..<
...####...#........##
.. ....##
###....####### .
..... #....#


You could see an orc priest, 2 orcs and a kobold.

Vanquished Creatures
  6 ball pythons
  6 bats
  7 endoplasms
  A giant cockroach (D:2)
  A goblin (D:1)
  2 hobgoblins
  4 jackals (D:3)
  2 kobolds (D:1)
  2 quokkas (D:1)
  A frilled lizard (D:1)
  5 rats
37 creatures vanquished.

Notes
Turn   | Place    | Note
-------+----------+-------------------------------------------
     0 | D:1      | Bronimir the Gargoyle Monk began the quest for the Orb.
     0 | D:1      | Reached XP level 1. HP: 14/14 MP: 1/1
   151 | D:1      | Reached XP level 2. HP: 18/19 MP: 2/2
   716 | D:1      | Reached skill level 1 in Armour
   899 | D:2      | Reached XP level 3. HP: 20/23 MP: 3/3
   920 | D:2      | Found a shimmering altar of Xom.
  1094 | D:3      | Found a broken altar of Ashenzari.
  1105 | D:3      | Noticed a kobold brigand
  1108 | D:3      | Found a runed translucent gate.
  1108 | D:3      | Found a runed translucent gate.
  1108 | D:3      | Found a runed translucent gate.
  1108 | D:3      | Noticed cheesebisquit's ghost (amateur HOMo)
  1191 | D:3      | HP: 1/24 [orc priest/divine providence (16)]
  1206 | D:3      | Killed from afar by an orc priest

Illustrated notes

Levels and vault maps discovered:
D:1:      dpeg_arrival_signposts, layout_basic, minmay_misc_feat_columns,
          minmay_pentomino_o4
D:2:      cheibrodos_old_hovel, layout_basic, basic_altar
D:3:      layout_rooms, nicolae_overflow_hidden_temple,
          mainiacjoe_overflow_small_starburst, gammafunk_ghost_nasty_kobolds

Skill      XL: |  1  2 |
---------------+-------+-----
Axes           | 3 |  3.4
Armour         | 1 |  1.3
Fighting       | |  3.7
Dodging        | |  2.5

Action                     || total
---------------------------++-------
  Melee: Hand axe          ||   104
    Use: Scroll            ||     1
         Potion            ||     1
 Armour: Robe              ||    11
         Leather armour    ||    16
  Dodge: Dodged            ||    86
